 Dungeon Crawl Stone Soup version 0.31-a0-542-gdc2a67831c (webtiles) character file.

Game seed: 16903362027885148516

5435 Pooter the Basher (level 10, -4/89 HPs)
             Began as a Minotaur Berserker on Aug 14, 2023.
             Was a Believer of Trog.
             Slain by a flying skull (9 damage)
             ... on level 10 of the Dungeon on Aug 15, 2023.
             The game lasted 00:39:14 (9074 turns).

Pooter the Basher (Minotaur Berserker)              Turns: 9074, Time: 00:39:14

Health: -4/89      AC: 13    Str: 24    XL:     10   Next: 41%
Magic:  0/9        EV:  7    Int:  6    God:    Trog [**....]
Gold:   424        SH:  0    Dex: 10    Spells: 9/9 levels left

rFire   + . .        a - +4 morningstar
rCold   . . .        (no shield)
rNeg    . . .        K - +0 plate armour {rF+}
rPois   .            (helmet restricted)
rElec   .            p - +0 cloak
rCorr   .            (no gloves)
SInv    +            q - +0 pair of boots
Will    +....        G - amulet of guardian spirit Stlth
                     g - ring of willpower
HPRegen 0.34/turn    S - ring of see invisible
MPRegen 0.11/turn

%: guardian spirit
@: on berserk cooldown, slowed, very slow
A: horns 2, retaliatory headbutt
a: Renounce Religion, Berserk, Trog's Hand


You were on level 10 of the Dungeon.
You worshipped Trog.
Trog was pleased with you.
You visited 1 branch of the dungeon, and saw 10 of its levels.

You collected 539 gold pieces.
You spent 115 gold pieces at shops.

Inventory:

Hand Weapons
 a - a +4 morningstar (weapon)
   (You found it on level 2 of the Dungeon)
 b - a +0 orcbow
   (You took it off a centaur on level 6 of the Dungeon)
 P - a +0 war axe of freezing
   (You took it off an orc on level 7 of the Dungeon)
Missiles
 r - 3 poisoned darts
 t - 2 boomerangs
 C - 3 javelins
 E - 2 throwing nets {!f}
 Q - 67 stones (quivered)
Armour
 e - the +1 ring mail "Usaeph" {rF+++ rCorr Int-4 Dex-5}
   (You found it on level 1 of the Dungeon)

   Int-4:     It affects your intelligence (-4).
   Dex-5:     It affects your dexterity (-5).
   rF+++:     It renders you almost immune to fire.
   rCorr:     It protects you from acid and corrosion.
 p - a +0 cloak (worn)
   (You found it on level 2 of the Dungeon)
 q - a +0 pair of boots (worn)
   (You found it on level 2 of the Dungeon)
 D - a +0 chain mail
   (You found it on level 3 of the Dungeon)
 K - a +0 plate armour of fire resistance (worn)
   (You took it off an orc warrior on level 5 of the Dungeon)
Jewellery
 g - a ring of willpower (left hand)
   (You found it on level 3 of the Dungeon)
 G - an amulet of guardian spirit (around neck)
   (You found it on level 5 of the Dungeon)
 S - a ring of see invisible (right hand)
   (You found it on level 5 of the Dungeon)
Wands
 d - a wand of iceblast (4)
   (You found it on level 6 of the Dungeon)
 f - a wand of flame (4)
   (You found it on level 3 of the Dungeon)
 v - a wand of mindburst (12)
   (You took it off Ijyb on level 3 of the Dungeon)
 F - a wand of light (10)
   (You found it on level 5 of the Dungeon)
Scrolls
 c - a scroll of poison {!r}
 i - a scroll of summoning
 k - 3 scrolls of vulnerability {!r}
 n - a scroll of fear
 o - 3 scrolls of enchant weapon
 y - a scroll of immolation {!r}
 H - a scroll of silence
Potions
 h - 2 potions of heal wounds {@q2}
 j - a potion of mutation {unknown}
 l - 3 potions of curing {unknown}
 m - 3 potions of degeneration {unknown}
 s - a potion of ambrosia {unknown}
 u - a potion of haste {unknown}
 w - a potion of invisibility {unknown}
 x - a potion of lignification {unknown}
 z - 2 potions of enlightenment {unknown}
 A - 3 potions of attraction {!q}
 B - a potion of cancellation {unknown}
 I - 2 potions of brilliance {unknown}
 N - 2 potions of berserk rage {unknown}


   Skills:
 + Level 8.3 Fighting
 + Level 8.6(10.9) Axes
 * Level 10.5(11.8) Maces & Flails
 * Level 9.7 Ranged Weapons
 - Level 2.4 Armour
 - Level 2.1 Dodging
 - Level 1.1 Stealth


You had 9 spell levels left.
You didn't know any spells.
Your spell library was empty.

Dungeon Overview and Level Annotations

Branches:
Dungeon (10/15) Zot: 26990  Temple (0/1) D:7
   Lair: D:8-11         Orc: D:9-12

Altars:
Ashenzari
Cheibriados
Dithmenos
Elyvilon
Fedhas
Gozag
Qazlal
Sif Muna
Trog
Uskayaw
Vehumet
Wu Jian
Xom
Yredelemnul

Shops:
D:1 :   D:2 [   D:3 *


Innate Abilities, Weirdness & Mutations

You have a pair of horns on your head.
You reflexively headbutt those who attack you in melee.


Message History

The flying skull hits you.
* * * LOW HITPOINT WARNING * * *
The flying skull hits you.
* * * LOW MAGIC WARNING * * *
* * * LOW HITPOINT WARNING * * *
The unseen horror skeleton hits you but does no damage.
The flying skull hits you.
* * * LOW MAGIC WARNING * * *
* * * LOW HITPOINT WARNING * * *
The flying skull hits you but does no damage.
The unseen horror skeleton hits you but does no damage.
The flying skull barely misses you. The flying skull hits you.
* * * LOW HITPOINT WARNING * * *
You climb downwards.
There is a stone staircase leading up here.
You miss the flying skull. The flying skull closely misses you.
The flying skull hits you but does no damage. x5
You puncture the flying skull!
You destroy the flying skull!
Trog accepts your kill. The flying skull hits you!
* * * LOW HITPOINT WARNING * * *
The flying skull hits you but does no damage. x2
The flying skull hits you.
* * * LOW MAGIC WARNING * * *
* * * LOW HITPOINT WARNING * * *
You miss the flying skull. The flying skull hits you.
* * * LOW HITPOINT WARNING * * *
The flying skull barely misses you.
The flying skull hits you but does no damage.
The flying skull barely misses you. You furiously retaliate!
You headbutt the flying skull! You barely miss the flying skull.
Your skin stops crawling.
You feel less strong-willed.
The flying skull hits you but does no damage.
The flying skull hits you.
* * * LOW HITPOINT WARNING * * *
The flying skull barely misses you.
The flying skull hits you but does no damage.
You completely miss the flying skull. The flying skull barely misses you.
The flying skull hits you.
* * * LOW MAGIC WARNING * * *
* * * LOW HITPOINT WARNING * * *
The flying skull closely misses you. The flying skull barely misses you.
You closely miss the flying skull. Your headbutt misses the flying skull.
The flying skull hits you.
* * * LOW HITPOINT WARNING * * *
The flying skull hits you!
* * * LOW MAGIC WARNING * * *
You die...

...... .....
# #...# .# #
#...##..+
#.###.......#
#...........#
#....z......#
#....@.#
#.#.z..#
#......#
#......#
#......#
#......#
#.#....#
#......#


You could see 2 flying skulls.

Vanquished Creatures
  Erica (D:8)
  Pikel (D:8)
  An unseen horror (D:8)
  Grinder (D:6)
  2 flying skulls
  2 steam dragons
  4 water moccasins
  3 orc warriors
  An ice beast (D:5)
  2 black bears
  2 ogres
  6 centaurs
  A phantom (D:3)
  6 bullfrogs
  A gnoll sergeant (D:5)
  A scorpion (D:4)
  3 wights (D:8)
  5 killer bees (D:7)
  3 electric eels (D:7)
  2 howler monkeys
  5 hounds
  An orc priest (D:7)
  Ijyb (D:3)
  An iguana (D:5)
  5 orc wizards
  9 gnolls
  7 adders
  A shadow imp (D:5)
  A white imp (D:5)
  An ufetubus (D:5)
  5 worms
  4 dart slugs
  17 orcs
  9 ball pythons
  4 endoplasms
  5 giant cockroaches
  7 goblins
  2 hobgoblins
  2 quokkas
  6 bats
  5 frilled lizards
  6 kobolds
  4 rats
156 creatures vanquished.

Vanquished Creatures (collateral kills)
  An orc (D:8)
1 creature vanquished.

Grand Total: 157 creatures vanquished

Notes
Turn   | Place    | Note
-------+----------+-------------------------------------------
     0 | D:1      | Pooter the Minotaur Berserker began the quest for the Orb.
     0 | D:1      | Reached XP level 1. HP: 19/19 MP: 0/0
   460 | D:1      | Reached XP level 2. HP: 19/27 MP: 1/1
   569 | D:1      | Found a faded altar of an unknown god.
   577 | D:1      | Reached skill level 1 in Stealth
   606 | D:1      | Found Neym's Book Shop.
   901 | D:1      | Identified the +1 ring mail "Usaeph" {rF+++ rCorr Int-4
                  | Dex-5}
  1258 | D:2      | Reached XP level 3. HP: 31/33 MP: 2/2
  1283 | D:2      | Reached ** piety under Trog
  1341 | D:2      | Reached skill level 1 in Ranged Weapons
  1747 | D:2      | Reached skill level 1 in Maces & Flails
  1785 | D:2      | Reached XP level 4. HP: 40/40 MP: 3/3
  2029 | D:2      | Found Niten's Armour Boutique.
  2315 | D:3      | Found an ornate altar of the Wu Jian Council.
  2576 | D:3      | Noticed a phantom
  2588 | D:3      | Killed a phantom
  2589 | D:3      | Reached skill level 2 in Maces & Flails
  2589 | D:3      | Reached XP level 5. HP: 40/47 MP: 4/4
  2661 | D:3      | Noticed Ijyb
  2673 | D:3      | Killed Ijyb
  2818 | D:3      | Found Iclyskyi's Assorted Antiques.
  2826 | D:3      | Bought a metallic pink potion for 23 gold pieces
  2826 | D:3      | Bought a fuming grey potion for 23 gold pieces
  2826 | D:3      | Bought a green potion for 23 gold pieces
  2907 | D:3      | Reached skill level 5 in Axes
  3305 | D:3      | Bought 2 red potions for 46 gold pieces
  3411 | D:4      | Reached skill level 3 in Maces & Flails
  3612 | D:4      | Reached XP level 6. HP: 53/53 MP: 5/5
  3774 | D:4      | Found a shimmering blue altar of Sif Muna.
  4031 | D:5      | Entered Level 5 of the Dungeon
  4037 | D:5      | Noticed an ice beast
  4043 | D:5      | Killed an ice beast
  4044 | D:5      | Reached skill level 5 in Fighting
  4044 | D:5      | Reached skill level 4 in Maces & Flails
  4234 | D:5      | Reached *** piety under Trog
  4242 | D:5      | Reached XP level 7. HP: 46/61 MP: 4/6
  4306 | D:5      | Found a hide-covered altar of Uskayaw.
  4482 | D:5      | Found a snail-covered altar of Cheibriados.
  4487 | D:5      | Found a broken altar of Ashenzari.
  4501 | D:5      | Found a shimmering altar of Xom.
  4503 | D:5      | Found an opulent altar of Gozag.
  4503 | D:5      | Found a radiant altar of Vehumet.
  4503 | D:5      | Found a white marble altar of Elyvilon.
  4503 | D:5      | Found a stormy altar of Qazlal.
  4504 | D:5      | Found a bloodstained altar of Trog.
  4505 | D:5      | Found a shadowy altar of Dithmenos.
  4509 | D:5      | Found a basalt altar of Yredelemnul.
  4582 | D:6      | Noticed Grinder
  4586 | D:6      | Killed Grinder
  4587 | D:6      | Reached skill level 5 in Maces & Flails
  4589 | D:6      | Reached skill level 5 in Ranged Weapons
  4743 | D:6      | Reached XP level 8. HP: 65/70 MP: 5/7
  4824 | D:5      | Reached skill level 6 in Maces & Flails
  4924 | D:6      | Identified the +1 scale mail "Jekaeproe" {Str+3 Int+2
                  | Dex-4}
  4938 | D:6      | Found a blossoming altar of Fedhas.
  5374 | D:6      | Reached skill level 7 in Maces & Flails
  5813 | D:7      | Reached XP level 9. HP: 78/78 MP: 3/8
  6028 | D:7      | Reached skill level 8 in Maces & Flails
  6469 | D:7      | Found a staircase to the Ecumenical Temple.
  6893 | D:8      | Noticed Pikel
  6901 | D:8      | Killed Pikel
  7096 | D:8      | Noticed an unseen horror
  7111 | D:8      | Killed an unseen horror
  7112 | D:8      | Reached skill level 9 in Maces & Flails
  7187 | D:8      | Noticed Erica
  7199 | D:8      | Killed Erica
  7310 | D:8      | Reached XP level 10. HP: 86/88 MP: 9/9
  7625 | D:8      | Reached skill level 10 in Maces & Flails
  9051 | D:9      | Noticed a skeletal warrior
  9068 | D:10     | Entered Level 10 of the Dungeon
  9074 | D:10     | Slain by a flying skull

Illustrated notes

Levels and vault maps discovered:
D:1:      dpeg_arrival_tiny_c, layout_basic, ebering_ecumenical_altar_box,
          serial_shops, nicolae_book_shop_shelving, minivault_5
D:2:      minmay_razor_zed, layout_basic, serial_shops, shop
D:3:      layout_basic, mainiacjoe_overflow_paths, serial_shops, shop, uniq_ijyb
D:4:      layout_loops_ring, kennysheep_mini_moat, minmay_distorted
D:5:      layout_basic, nicolae_uskayaw_suspiria, minitemple
D:6:      layout_basic, fedhas_ov_isle_minmay, uniq_grinder
D:7:      layout_basic, minmay_temple_entry_ruins, kennysheep_cluttered_room
D:8:      layout_gridville, uniq_pikel, uniq_erica
D:9:      hangedman_screamer, layout_basic, amcnicky_mini_rare_corridor_liquid
D:10:     layout_stronghold, zombieorc2_lemuel, nicolae_trove_entry_isolated,
          kennysheep_another_room

Skill      XL: |  1  2  3  4  5  6  7  8  9 10 |
---------------+-------------------------------+-----
Axes           | 4 5 6 7 8 |  8.6
Stealth        | 1 |  1.1
Fighting       | 4 5 6 7 8 |  8.3
Ranged Weapons | 1 2 3 4 5 7 9 |  9.7
Maces & Flails | 1 2 3 4 5 7 9 10 | 10.5
Armour         | |  2.4
Dodging        | |  2.1

Action                     |  1- 3 |  4- 6 |  7- 9 | 10-12 || total
---------------------------+-------+-------+-------+-------++-------
  Melee: Flail             |    37 |       |       |       ||    37
         Headbutt          |     9 |     7 |    23 |    12 ||    51
         Morningstar       |    66 |    69 |   128 |    78 ||   341
         Punch             |     2 |       |     3 |       ||     5
         War axe           |       |       |    11 |       ||    11
   Fire: Sling             |    19 |    46 |    12 |       ||    77
         Orcbow            |       |       |    18 |     7 ||    25
  Throw: Javelin           |       |       |     1 |       ||     1
         Stone             |       |       |       |     3 ||     3
 Invoke: Berserk           |       |     1 |     5 |     4 ||    10
         Trog's Hand       |       |     1 |     7 |     5 ||    13
  Evoke: Wand              |       |       |     8 |     3 ||    11
    Use: Scroll            |       |     4 |     6 |     4 ||    14
         Potion            |       |       |       |     1 ||     1
   Stab: Sleeping          |     2 |       |       |       ||     2
 Armour: Animal skin       |     8 |       |       |       ||     8
         Ring mail         |    36 |    13 |       |       ||    49
         Plate armour      |       |    29 |   137 |   114 ||   280
  Dodge: Dodged            |    69 |    39 |    71 |    62 ||   241

Table legend: (Time is in decaauts)
 A = Elapsed time spent in this place.
 B = Non-inter-level travel time spent in this place.
 C = Inter-level travel time spent in this place.
 D = Time resting spent in this place.
 E = Time spent auto-exploring this place.
 F = Levels seen in this place.
 G = Mean time per level.
                   A        B        C        D        E       F      G
               +--------+--------+--------+--------+--------+-----+--------+
         Total |   9246 |   8907 |    339 |   2099 |   5292 |  10 |  924.6 |
       Dungeon |   9246 |   8907 |    339 |   2099 |   5292 |  10 |  924.6 |
               +--------+--------+--------+--------+--------+-----+--------+

Top non-repeatable levels by time:
     D:8: 1921 daAuts
     D:7: 1214 daAuts
     D:2: 1187 daAuts
     D:1: 1161 daAuts
     D:3: 1037 daAuts
     D:6: 974 daAuts
     D:5: 738 daAuts
     D:4: 716 daAuts
     D:9: 287 daAuts
    D:10: 7 daAuts
